 Dungeon Crawl Stone Soup version 0.29.0-11-gd7f09526c8 (webtiles) character file.

Game seed: 15886676927940812267

135471 ystael the Severer (level 16, -19/149 HPs)
             Began as a Minotaur Fighter on Sept 4, 2022.
             Was the Champion of the Shining One.
             Demolished by a swamp worm (21 damage)
             ... on level 3 of the Swamp on Sept 5, 2022.
             The game lasted 01:24:49 (23684 turns).

ystael the Severer (Minotaur Fighter)              Turns: 23684, Time: 01:24:50

Health: -19/149    AC: 31    Str: 25    XL:     16   Next: 64%
Magic:  30/30      EV:  2    Int:  5    God:    the Shining One [******]
Gold:   930        SH: 31    Dex: 14    Spells: 15/15 levels left

rFire   . . .      SeeInvis .   a - +2 broad axe (vorpal)
rCold   + . .      Faith    .   P - +18 shield of the Gong {rElec rN+ Will+ EV-5}
rNeg    + + +      Spirit   .   f - +2 plate armour {rPois}
rPois   +          Reflect  .   V - +1 hat
rElec   +          Harm     .   j - +2 cloak
rCorr   +          Rampage  .   x - +2 pair of gloves
Will    +++..                   y - +2 pair of boots
Stlth   ..........              J - amulet of regeneration
HPRegen 1.14/turn               q - ring of protection from cold
MPRegen 0.22/turn               p - ring "Leuhullecy" {Fly Will+ rCorr MP+9}

@: lethally poisoned (-19 -> -19), flying, glowing, studying Throwing
A: horns 2, retaliatory headbutt
a: Renounce Religion, Divine Shield, Cleansing Flame, Summon Divine Warrior,
Brand Weapon With Holy Wrath


You were on level 3 of the Swamp.
You worshipped the Shining One.
The Shining One was exalted by your worship.
You visited 5 branches of the dungeon, and saw 26 of its levels.
You also visited: Sewer, Gauntlet and Ice Cave.

You collected 2593 gold pieces.
You spent 1663 gold pieces at shops.

Inventory:

Hand Weapons
 a - a +2 vorpal broad axe (weapon)
 b - a +1 hand crossbow
 c - a +2 war axe of flaming
Missiles
 g - 3 javelins
 o - 105 poisoned darts
 u - a throwing net
 v - 6 curare-tipped darts
 z - 13 boomerangs (quivered)
 L - 3 silver javelins
 T - 2 silver boomerangs
Armour
 f - a +2 plate armour of poison resistance (worn)
 j - a +2 cloak (worn)
 x - a +2 pair of gloves (worn)
 y - a +2 pair of boots (worn)
 G - a +3 chain mail of fire resistance
 O - a scarf of repulsion
 P - the +18 shield of the Gong (worn) {rElec rN+ Will+ EV-5}
   (You found it on level 9 of the Dungeon)

   It is deafeningly noisy when blocking attacks.
   EV:        It affects your evasion (-5).
   rElec:     It insulates you from electricity.
   rN:        It protects you from negative energy.
   Will:      It increases your willpower.
 V - a +1 hat (worn)
Jewellery
 e - a +4 ring of slaying
 p - the ring "Leuhullecy" (right hand) {Fly Will+ rCorr MP+9}
   (You bought it in a shop on level 2 of the Orcish Mines)

   [ring of magical power]

   MP:        It affects your magic capacity (+9).
   Fly:       It grants you flight.
   rCorr:     It protects you from acid and corrosion.
   Will:      It increases your willpower.
 q - a ring of protection from cold (left hand)
 J - an amulet of regeneration (around neck)
 S - a ring of protection from fire
 U - an amulet of reflection
 X - the ring "Zostrucs" {rPois rCorr Str+6 Slay+3}
   (You found it in a Gauntlet)

   [ring of strength]

   Str:       It affects your strength (+6).
   Slay:      It affects your accuracy & damage with ranged weapons and melee
   (+3).
   rPois:     It protects you from poison.
   rCorr:     It protects you from acid and corrosion.
Wands
 m - a wand of paralysis (16)
 t - a wand of polymorph (27)
 A - a wand of flame (128)
 B - a wand of roots (45)
 D - a wand of mindburst (34)
 F - a wand of quicksilver (4)
Scrolls
 i - 3 scrolls of fear
 l - 6 scrolls of teleportation
 n - a scroll of silence
 r - 5 scrolls of amnesia
 E - 5 scrolls of immolation
 H - 5 scrolls of identify
 M - 3 scrolls of fog
 N - a scroll of blinking
 Q - 4 scrolls of enchant armour
 R - a scroll of magic mapping
Potions
 d - 6 potions of might
 h - 15 potions of curing
 k - 11 potions of heal wounds
 s - 6 potions of magic
 w - 11 potions of mutation
 C - a potion of attraction
 I - 4 potions of haste
 W - a potion of cancellation
 Y - 5 potions of berserk rage
Miscellaneous
 K - a phantom mirror
 Z - a phial of floods


   Skills:
 + Level 15.5 Fighting
 * Level 18.7 Axes
 + Level 13.6 Ranged Weapons
 + Level 15.4 Armour
 + Level 15.5 Shields
 - Level 8.8 Invocations


You had 15 spell levels left.
You didn't know any spells.
Your spell library contained the following spells:

 Spells                   Type           Power      Damage    Failure   Level
 Freeze                   Ice            0%         1d3       100%        1
 Sandblast                Erth           0%         2d4       100%        1
 Slow                     Hex            0%         N/A       100%        1
 Sting                    Tmut/Pois      0%         1d3       100%        1
 Poisonous Vapours        Pois/Air       0%         N/A       100%        2
 Call Canine Familiar     Summ           0%         N/A       100%        3
 Confusing Touch          Hex            0%         N/A       100%        3
 Conjure Flame            Conj/Fire      0%         6-21      100%        3
 Frozen Ramparts          Ice            0%         1d1       100%        3
 Ignite Poison            Fire/Tmut/Pois 0%         N/A       100%        3
 Portal Projectile        Hex/Tloc       0%         N/A       100%        3
 Stone Arrow              Conj/Erth      0%         3d7       100%        3
 Vampiric Draining        Necr           0%         2d6       100%        3
 Animate Armour           Summ/Erth      0%         N/A       100%        4
 Corpse Rot               Necr/Pois/Air  0%         N/A       100%        4
 Fulminant Prism          Conj/Hex       0%         3d6       100%        4
 Hailstorm                Conj/Ice       0%         3d3       100%        4
 Ice Form                 Ice/Tmut       0%         N/A       100%        4
 Iskenderun's Mystic Bla  Conj/Tloc      0%         2d3       100%        4
 Leda's Liquefaction      Hex/Erth       0%         N/A       100%        4
 Sticky Flame             Conj/Fire      0%         2d3       100%        4
 Freezing Cloud           Conj/Ice/Air   0%         6-21      100%        5
 Lee's Rapid Deconstruct  Erth           0%         3d5*      100%        5
 Metabolic Englaciation   Hex/Ice        0%         N/A       100%        5
 Summon Mana Viper        Hex/Summ       0%         N/A       100%        5
 Yara's Violent Unravell  Hex/Tmut       0%         3d3       100%        5
 Simulacrum               Ice/Necr       0%         N/A       100%        6
 Statue Form              Tmut/Erth      0%         N/A       100%        6
 Enfeeble                 Hex            0%         N/A       100%        7
 Storm Form               Tmut/Air       0%         N/A       100%        7


Dungeon Overview and Level Annotations

Branches:
Dungeon (15/15)            Temple (1/1) D:5            Lair (5/5) D:10
  Swamp (3/4) Lair:2       Spider (0/4) Lair:2        Slime (0/5) Lair:4
    Orc (2/2) D:10            Elf (0/3) Orc:2        Vaults (0/5) D:13
 Depths (0/4) D:15          Sewer (visited)           IceCv (visited)
Gauntlet (visited)

Altars:
Ashenzari
Cheibriados
Dithmenos
Elyvilon
Fedhas
Gozag
Hepliaklqana
Kikubaaqudgha
Makhleb
Nemelex Xobeh
Okawaru
Qazlal
Ru
Sif Muna
Trog
Uskayaw
Vehumet
Wu Jian
Xom
Yredelemnul
Zin
The Shining One
Lugonu

Shops:
D:5 [   D:7 *   D:11 =   Orc:2 =*((:

Portals:
Abyss: Lair:5

Annotations:
D:10 exclusion: 2 oklob saplings


Innate Abilities, Weirdness & Mutations

You have a pair of horns on your head.
You reflexively headbutt those who attack you in melee.


Message History

You kill the eleionoma!
An eleionoma bone magically twists into a wand of flame (22).
You closely miss the swamp worm.
You hit the shambling mangrove but do no damage.
You hit the hornet. You barely miss the tyrant leech.
You barely miss the hornet.
You feel sick. You block the hornet's attack.
GONNNNG!
You block the hornet's attack.
SHROANNG!
The goliath frog hits you but does no damage.
The swamp worm bites you!
* * * LOW HITPOINT WARNING * * *
The tyrant leech bites you!
* * * LOW HITPOINT WARNING * * *
The hornet stings you but does no damage.
You block the hornet's attack.
BONNNG!
You hear a shout!
Unknown command.
You slash the shambling mangrove!
You destroy the shambling mangrove!
You slash the hornet!
You kill the hornet!
You hit the tyrant leech. You slash the hornet! You slash the swamp worm!
You feel sick. The goliath frog hits you from afar!
* * * LOW HITPOINT WARNING * * *
You are splashed with acid.
You resist. The Shining One protects you from harm!
You block the swamp worm's attack.
GONNNNG!
You block the hornet's attack.
GONNNNG!
You closely miss the hornet.
The hornet is moderately wounded.
You hit the tyrant leech. You slash the swamp worm!
You feel sick. You block the goliath frog's attack.
SHROANNG!
You block the tyrant leech's attack.
GONNNNG!
The swamp worm bites you!!
You die...

♣~..~♣♣♣ ♣♣♣♣
♣.~~†♣/♣♣♣♣~~~♣
♣~~§.<..♣...<~♣♣
♣♣..~†.§.~§~..~♣
♣♣~.~♣♣.~~~~~§§.
♣~.~~ ♣.~~..~~>.
♣♣~~[♣♣~~.♣.~~.♣
♣~.....<./..~.♣
♣.~~~~~~@w~♣♣♣♣
♣~~~~~~w~y...).♣
.~~~~~~~§.F~~~.♣
..~§§~~~~~~§~~..
..~~~~~.~~~~~~~~
~~~~~~~.~§~~~~~.
~~~..~~~~~~~~.♣♣
♣♣♣...~~.....~


You could see a tyrant leech (strong), a goliath frog (strong), a swamp worm
(strong) and a hornet.

Vanquished Creatures
  Jorgrun (Swamp:2)
  Roxanne (D:15)
  An orc warlord (Orc:2)
  An ironbound preserver (D:13)
  2 eleionomae (Swamp:3)
  A bunyip (Swamp:1)
  A minotaur (Gauntlet)
  Snorg (D:12)
  A green death (Gauntlet)
  2 shambling mangroves (Swamp:3)
  A rakshasa (D:13)
  3 boulder beetles
  17 hydras
  A ghost crab (Swamp:1)
  A catoblepas (D:7)
  6 centaur warriors
  4 two-headed ogres
  4 alligators
  4 tengu warriors
  3 thrashing horrors (Lair:5)
  2 death yaks (Lair:1)
  4 sixfirhies (Gauntlet)
  Amaemon (D:10)
  5 skeletal warriors (D:11)
  A goliath frog (shapeshifter) (D:15)
  3 goliath frogs
  4 spriggan druids
  2 swamp dragons (Swamp:2)
  A glowing orange brain (D:15)
  5 bog bodies
  3 orc knights
  5 deep elf pyromancers
  Pikel (D:5)
  A necromancer (IceCv)
  14 ugly things
  5 cyclopes
  2 orc sorcerers (Orc:1)
  4 will-o-the-wisps
  3 manticores
  17 elephants
  A torpor snail (Lair:1)
  An ice statue (IceCv)
  3 black mambas
  An orange demon (D:10)
  2 vault sentinels (D:9)
  2 unseen horrors
  A smoke demon (Lair:5)
  Maggie (Lair:2)
  13 cane toads
  A gargoyle (D:13)
  4 kobold demonologists
  A rime drake (Lair:3)
  7 komodo dragons
  2 freezing wraiths
  A tengu conjurer (D:14)
  10 ice devils (IceCv)
  4 ancient zymes (Lair:5)
  3 meliai (D:14)
  A wind drake (D:13)
  6 polar bears
  7 trolls
  Grinder (D:5)
  2 tyrant leeches (Swamp:2)
  9 hornets
  48 blink frogs
  A wolf spider simulacrum (D:15)
  10 slime creatures
  7 dream sheep (Lair:5)
  3 wraiths
  2 ynoxinuls (Lair:5)
  2 dire elephant simulacra (IceCv)
  3 shadows
  A vampire (D:12)
  5 wyverns
  56 yaks
  2 spriggans
  An unseen horror simulacrum (D:9)
  6 death yak simulacra (IceCv)
  5 basilisks
  2 large abominations (Lair:5)
  2 chaos spawn (Lair:5)
  2 wargs
  11 vampire mosquitoes
  2 steam dragons
  2 harpy simulacra (IceCv)
  12 swamp worms
  3 acid dragons
  7 hydra simulacra (IceCv)
  12 water moccasins
  3 black bears
  29 orc warriors
  6 ice beasts
  A sky beast (shapeshifter) (Lair:5)
  7 sky beasts
  15 centaurs
  18 wolves
  4 ogres
  A phantom (D:4)
  Blork the orc (D:5)
  9 bullfrogs
  2 necrophages
  15 kobold brigands
  10 small abominations (Lair:5)
  2 gnoll sergeants
  2 cane toad simulacra (IceCv)
  9 scorpions
  6 wights
  6 elephant simulacra (IceCv)
  4 killer bees (D:10)
  5 howler monkeys
  2 hounds
  A jelly (D:6)
  9 orc priests
  Crazy Yiuf (D:3)
  An iguana (D:5)
  15 orc wizards
  4 polar bear simulacra (IceCv)
  A troll simulacrum (IceCv)
  2 wolf simulacra (IceCv)
  A boggart simulacrum (D:15)
  A killer bee simulacrum (D:9)
  Robin (D:3)
  7 gnolls
  13 adders
  2 shadow imps (D:10)
  6 white imps
  6 ufetubi
  4 worms
  6 dart slugs
  44 orcs
  13 ball pythons
  7 endoplasms
  9 giant cockroaches
  26 goblins
  15 hobgoblins
  7 jackals
  4 quokkas
  14 bats
  6 frilled lizards
  47 kobolds
  9 kobold skeletons (D:10)
  9 kobold zombies (D:10)
  11 rats
889 creatures vanquished.

Vanquished Creatures (others)
  An alligator (Swamp:2)
  2 bloated husks
  A spriggan (Swamp:1)
  A swamp worm (Swamp:2)
  2 bushes (Lair:3)
  8 demonic plants (Gauntlet)
  8 foxfires
  51 fungi
  88 plants
162 creatures vanquished.

Grand Total: 1051 creatures vanquished

Notes
Turn   | Place    | Note
-------+----------+-------------------------------------------
     0 | D:1      | ystael the Minotaur Fighter began the quest for the Orb.
     0 | D:1      | Reached XP level 1. HP: 19/19 MP: 0/0
   381 | D:1      | Reached XP level 2. HP: 26/27 MP: 1/1
   407 | D:1      | Found a faded altar of an unknown god.
   408 | D:1      | Noticed a golden eye
   413 | D:1      | Noticed a golden eye
   417 | D:1      | Noticed a great orb of eyes
   417 | D:1      | Noticed a shining eye
   429 | D:1      | Reached skill level 3 in Axes
   703 | D:1      | Reached XP level 3. HP: 33/33 MP: 2/2
  1418 | D:2      | Found a sparkling altar of Nemelex Xobeh.
  1593 | D:2      | Reached XP level 4. HP: 37/40 MP: 3/3
  1747 | D:3      | Noticed Robin
  1756 | D:3      | Reached skill level 4 in Axes
  1764 | D:3      | Killed Robin
  1767 | D:3      | Found a white marble altar of Elyvilon.
  2068 | D:3      | Found a runed translucent door.
  2069 | D:3      | Noticed Crazy Yiuf
  2074 | D:3      | Killed Crazy Yiuf
  2075 | D:3      | Reached XP level 5. HP: 43/47 MP: 4/4
  2101 | D:3      | Identified the +2 hammer of Wariness {antimagic, rN+ Int+5
                  | Dex+4}
  2518 | D:4      | Found a glowing drain.
  2523 | D:4      | Noticed a phantom
  2543 | D:4      | Killed a phantom
  2544 | D:4      | Reached skill level 5 in Axes
  2544 | D:4      | Reached skill level 1 in Ranged Weapons
  2566 | D:4      | Reached XP level 6. HP: 22/55 MP: 5/5
  2748 | Sewer    | Entered a sewer
  2832 | Sewer    | Reached skill level 5 in Fighting
  2832 | Sewer    | Reached skill level 5 in Shields
  3253 | D:4      | Reached skill level 5 in Armour
  3403 | D:4      | Reached XP level 7. HP: 61/61 MP: 6/6
  3512 | D:4      | Found a hide-covered altar of Uskayaw.
  3546 | D:4      | Reached skill level 6 in Axes
  3859 | D:5      | Entered Level 5 of the Dungeon
  3957 | D:5      | Found a shadowy altar of Dithmenos.
  4278 | D:5      | Found an ancient bone altar of Kikubaaqudgha.
  4427 | D:5      | Reached skill level 7 in Axes
  4427 | D:5      | Reached XP level 8. HP: 49/70 MP: 7/7
  4670 | D:5      | Found a staircase to the Ecumenical Temple.
  4670 | D:5      | Noticed Blork the orc
  4682 | D:5      | Killed Blork the orc
  4728 | Temple   | Entered the Ecumenical Temple
  4879 | Temple   | Became a worshipper of the Shining One
  4912 | D:5      | Found the +6 shillelagh "Devastator" {shatter}
  4926 | D:5      | Noticed Pikel
  4941 | D:5      | Killed Pikel
  4942 | D:5      | Reached skill level 8 in Axes
  5115 | D:5      | Noticed Grinder
  5130 | D:5      | Killed Grinder
  5328 | D:5      | Found Ushomy Qotz's Antique Armour Shoppe.
  5332 | D:5      | Bought a runed chain mail for 180 gold pieces
  5484 | D:6      | Found a broken altar of Ashenzari.
  5493 | D:6      | Reached XP level 9. HP: 78/78 MP: 8/8
  5805 | D:6      | Reached skill level 9 in Axes
  6135 | D:6      | Reached skill level 5 in Ranged Weapons
  6394 | D:7      | Found a snail-covered altar of Cheibriados.
  6403 | D:7      | Reached * piety under the Shining One
  6629 | D:7      | Found Rezol's Lightly-Used Armoury.
  6710 | D:7      | Found a blossoming altar of Fedhas.
  6714 | D:7      | Found a stormy altar of Qazlal.
  6790 | D:7      | Noticed a catoblepas
  6812 | D:7      | Killed a catoblepas
  6813 | D:7      | Reached skill level 10 in Axes
  6916 | D:7      | Paralysed by an orc for 3 turns
  6930 | D:7      | Reached XP level 10. HP: 75/88 MP: 9/9
  7398 | D:8      | Found a sparkling altar of Nemelex Xobeh.
  7812 | D:8      | Reached skill level 11 in Axes
  8471 | D:9      | Noticed a two-headed ogre
  8477 | D:9      | Killed a two-headed ogre
  8478 | D:9      | Found an iron altar of Okawaru.
  8558 | D:9      | Reached ** piety under the Shining One
  8603 | D:9      | Reached skill level 12 in Axes
  8641 | D:9      | Reached XP level 11. HP: 97/97 MP: 10/10
  9205 | D:9      | Found the +18 shield of the Gong {rElec rN+ Will+ EV-5}
  9423 | D:10     | Entered Level 10 of the Dungeon
  9564 | D:10     | Found a staircase to the Lair.
  9648 | D:10     | Reached *** piety under the Shining One
  9679 | D:10     | Reached skill level 13 in Axes
  9697 | D:10     | Reached **** piety under the Shining One
  9729 | D:10     | Reached skill level 10 in Shields
  9787 | D:10     | Found an ancient bone altar of Kikubaaqudgha.
  9837 | D:10     | Found a radiant altar of Vehumet.
  9847 | D:10     | Found a hazy altar of Hepliaklqana.
  9922 | D:10     | Found a staircase to the Orcish Mines.
 10002 | D:10     | Noticed Amaemon
 10024 | D:10     | Killed Amaemon
 10025 | D:10     | Reached skill level 10 in Fighting
 10030 | D:10     | Reached skill level 10 in Armour
 10424 | D:11     | Noticed a boulder beetle
 10450 | D:11     | Killed a boulder beetle
 10473 | D:11     | Found a shadowy altar of Dithmenos.
 10478 | D:11     | Noticed a skeletal warrior
 10483 | D:11     | Noticed a skeletal warrior
 10485 | D:11     | Noticed a skeletal warrior
 10486 | D:11     | Noticed a skeletal warrior
 10499 | D:11     | Noticed a skeletal warrior
 10499 | D:11     | Reached ***** piety under the Shining One
 10507 | D:11     | Killed a skeletal warrior
 10515 | D:11     | Killed a skeletal warrior
 10516 | D:11     | Reached XP level 12. HP: 107/107 MP: 11/11
 10524 | D:11     | Reached skill level 14 in Axes
 10612 | D:11     | Found Xefrag's Jewellery Shoppe.
 10621 | D:11     | Bought a ring of willpower for 325 gold pieces
 10825 | D:11     | Noticed a seven-headed hydra
 10832 | D:11     | Killed a four-headed hydra
 11342 | D:12     | Noticed a two-headed ogre
 11346 | D:12     | Killed a two-headed ogre
 11393 | D:12     | Noticed Snorg
 11406 | D:12     | Killed Snorg
 11414 | D:12     | Found a frozen archway.
 11460 | IceCv    | Entered an ice cave
 11674 | IceCv    | Reached skill level 15 in Axes
 11722 | IceCv    | Reached ****** piety under the Shining One
 11785 | IceCv    | Found an ancient bone altar of Kikubaaqudgha.
 11903 | IceCv    | Identified the ring "Zomant" {*Corrode rN+ Dex+5}
 11961 | IceCv    | Reached XP level 13. HP: 94/116 MP: 12/12
 12493 | D:12     | Reached skill level 10 in Ranged Weapons
 12762 | Lair:1   | Entered Level 1 of the Lair of Beasts
 12813 | Lair:1   | Reached skill level 16 in Axes
 13702 | Lair:2   | Reached skill level 1 in Invocations
 13711 | Lair:2   | You fall into a shaft and drop 2 floors!
 13829 | Lair:3   | Reached XP level 14. HP: 104/127 MP: 15/15
 14301 | Lair:2   | Noticed Maggie
 14307 | Lair:2   | Killed Maggie
 14399 | Lair:2   | Reached skill level 5 in Invocations
 14676 | Lair:2   | Found a staircase to the Swamp.
 14940 | Lair:2   | Found a hole to the Spider Nest.
 15303 | Lair:3   | Identified the ring of the Charmed God {rCorr AC+4}
 15937 | Lair:4   | Found a staircase to the Slime Pits.
 16215 | Lair:4   | Got the Compilation of Transmigration and Congelation
 16573 | Lair:5   | Entered Level 5 of the Lair of Beasts
 17467 | Lair:5   | Reached XP level 15. HP: 122/137 MP: 19/19
 17549 | Lair:5   | Found a corrupted altar of Lugonu.
 17549 | Lair:5   | Found a one-way gate to the infinite horrors of the Abyss.
 17555 | Lair:5   | Identified the +5 trident "Garegg" {venom, Fly rPois}
 18182 | Orc:1    | Entered Level 1 of the Orcish Mines
 18421 | Orc:2    | Entered Level 2 of the Orcish Mines
 18421 | Orc:2    | Noticed an orc warlord
 18441 | Orc:2    | Killed an orc warlord
 18894 | Orc:2    | Found a staircase to the Elven Halls.
 19122 | Orc:2    | Found Lamam's Jewellery Boutique.
 19318 | Orc:2    | Found Seiskom's Weapon Shop.
 19318 | Orc:2    | Found Solab's Weapon Emporium.
 19320 | Orc:2    | Found Nithrolism's General Store.
 19322 | Orc:2    | Found Miov's Book Boutique.
 19329 | Orc:2    | Bought a potion of curing for 48 gold pieces
 19357 | Orc:2    | Bought the ring "Leuhullecy" {Fly Will+ rCorr MP+9} for 685
                  | gold pieces
 19359 | Orc:2    | Bought a ring of protection from cold for 425 gold pieces
 20206 | D:13     | Found a gate to the Vaults.
 20606 | D:14     | Reached skill level 17 in Axes
 20842 | D:15     | Entered Level 15 of the Dungeon
 20920 | D:15     | Found a gate leading to a gauntlet.
 20928 | Gauntlet | Entered a Gauntlet
 20928 | Gauntlet | Found a transporter.
 20937 | Gauntlet | Found a transporter.
 20958 | Gauntlet | Found a transporter.
 20958 | Gauntlet | Found a transporter.
 20979 | Gauntlet | Found a transporter.
 20992 | Gauntlet | Found a transporter.
 21006 | Gauntlet | Found a transporter.
 21031 | Gauntlet | Found a transporter.
 21031 | Gauntlet | Found a transporter.
 21036 | Gauntlet | Found a transporter.
 21111 | Gauntlet | Identified the ring "Zostrucs" {rPois rCorr Str+6 Slay+3}
 21168 | Gauntlet | Got the Octavo of Algid Production
 21545 | D:15     | Found a staircase to the Depths.
 21647 | D:15     | Identified Roxanne's Omnibus of the Quarry
 21647 | D:15     | Noticed Roxanne
 21682 | D:15     | Killed Roxanne
 21683 | D:15     | Reached XP level 16. HP: 106/147 MP: 21/21
 22408 | Swamp:1  | Entered Level 1 of the Swamp
 22479 | Swamp:1  | Reached skill level 15 in Shields
 22629 | Swamp:1  | Reached skill level 15 in Fighting
 22810 | Swamp:1  | Reached skill level 18 in Axes
 22851 | Swamp:1  | Identified the +5 robe "Coatesm" {rF+}
 22917 | Swamp:1  | Identified the +1 chain mail of the Morning {Dex+3}
 23018 | Swamp:2  | Reached skill level 15 in Armour
 23024 | Swamp:2  | Noticed Jorgrun
 23050 | Swamp:2  | Killed Jorgrun
 23275 | Swamp:2  | Identified the ring of Noemocw {EV+4 Str+7 Int+4}
 23440 | Swamp:2  | Identified a scroll of acquirement
 23446 | Swamp:2  | Acquired a manual of Throwing
 23683 | Swamp:3  | HP: 3/149 [goliath frog[a spriggan druid] (7)]
 23683 | Swamp:3  | The Shining One protects you from harm!
 23684 | Swamp:3  | Demolished by a swamp worm

Illustrated notes

Levels and vault maps discovered:
D:1:      dpeg_arrival_morbid_curiosity, layout_basic,
          hellmonk_ecumenical_altar_watching_god,
          chequers_serial_rivers_large_b, minmay_misc_feat_four_crosses
D:2:      layout_rooms, basic_altar
D:3:      cheibrodos_greedy_goblins, layout_rooms, elyvilon_altar_5,
          chequers_serial_rivers_room_a, uniq_crazy_yiuf_cottage, uniq_robin
D:4:      layout_rooms, eat_drink_and_be_merry_uskayaw,
          cheibrodos_sewer_entry_sluice, minivault_25,
          chequers_serial_rivers_micro_d, kennysheep_minor_cross, minmay_vboxes
D:5:      layout_cave_pools, mainiacjoe_overflow_brackets,
          mainiacjoe_overflow_tiny_flanked, minmay_temple_entry_mini_moons,
          serial_shops, nicolae_shop_advertising_works
          [nicolae_subvault_shop_adworks], kennysheep_path_1,
          dilly_guarded_unrand_devastator, uniq_blork_the_orc, uniq_grinder,
          uniq_pikel
D:6:      layout_basic, evilmike_ruin_ashenzari
D:7:      nzn_winding_woodlands_small [nzn_winding_woodlands_5x15_crooked,
          nzn_winding_woodlands_center_diamonds,
          nzn_winding_woodlands_5x15_parted], layout_rooms,
          grunt_temple_overflow_forces_of_nature, cheibriados_altar_1,
          minmay_shop_damaged, minivault_25
D:8:      layout_basic, nemelex_xobeh_ov_fountains_minmay,
          kennysheep_flooded_box
D:9:      layout_roguey, mainiacjoe_overflow_small_starburst, serial_ice,
          serial_ice_o, serial_ice_c, serial_ice_l, serial_ice_f,
          hellmonk_guarded_unrand_gong
D:10:     wander_kiku_kobolds, layout_irregular_city,
          mainiacjoe_overflow_catwalk_spiral, grunt_lair_entry_orc_guard_hut,
          introduction_to_nature_1, uniq_amaemon
D:11:     layout_cave_pods, serial_shops, nicolae_shop_stone,
          nicolae_dithmenos_the_darkroom
D:12:     layout_roguey, portal_ice_cave_entry_pillars_2, uniq_snorg
D:13:     layout_irregular_city, skrybe_vaults_entry_preservation,
          dreamdust_looks_like_rain
D:14:     layout_basic, serial_park_tiny_pond
D:15:     gammafunk_enter_depths_forms, layout_stronghold,
          gauntlet_entry_generic, hangedman_abyss_or_decor_lesser_grid,
          uniq_roxanne
Temple:   hellmonk_temple_flake
Lair:1:   layout_chaotic_city, chequers_serial_rivers_small_3, minivault_27
Lair:2:   layout_small_grid, minmay_swamp_entry_worms,
          nicolae_spider_entry_non_spiders, beast_lair_carwin_2, uniq_maggie
Lair:3:   layout_gridlike, wad_woods_road_01
Lair:4:   layout_regular_city, slime_entry_1, grunt_megastairs_2
Lair:5:   hellmonk_lair_end_abyssal_woods, layout_long_grid
Swamp:1:  layout_falls_marsh, evilmike_swamp_ruin_rubble_1
Swamp:2:  layout_falls_marsh, nicolae_swamp_fairy_circle,
          nicolae_swamp_baby_hydras, uniq_jorgrun
Swamp:3:  layout_basic_swamp, evilmike_swamp_ruin_house_2
Orc:1:    layout_caves
Orc:2:    st_orc_rangers, layout_caves, serial_shops,
          nicolae_shop_temple_entry_statues_fountains, mines2_lemuel

Skill      XL: |  1  2  3  4  5  6  7  8  9 10 11 12 13 14 15 16 |
---------------+-------------------------------------------------+-----
Axes           | 3 4 5 7 8 10 12 13 15 16 17 18 | 18.7
Shields        | 4 5 6 8 9 10 11 12 13 14 15 | 15.5
Fighting       | 4 5 6 8 9 10 11 12 13 14 15 | 15.5
Armour         | 4 5 6 7 9 10 11 12 13 14 15 | 15.4
Ranged Weapons | 1 2 3 4 5 7 8 9 10 11 13 | 13.6
Invocations    | 3 7 8 |  8.8

Action                   |  1- 3 |  4- 6 |  7- 9 | 10-12 | 13-15 | 16-18 || total
-------------------------+-------+-------+-------+-------+-------+-------++-------
Melee: War axe           |    91 |   135 |   158 |   561 |   937 |    29 ||  1911
       Headbutt          |     5 |    17 |    28 |   154 |   349 |    60 ||   613
       Broad axe         |       |       |       |       |   233 |   175 ||   408
 Fire: Sling             |       |    21 |   118 |   135 |   134 |       ||   408
       Hand crossbow     |       |       |       |       |    91 |    54 ||   145
Throw: Boomerang         |       |       |       |       |     1 |       ||     1
Evoke: Wand              |       |     1 |       |       |       |       ||     1
  Use: Scroll            |     5 |     5 |     7 |    10 |    10 |     3 ||    40
       Potion            |       |     1 |       |       |       |       ||     1
Armor: Scale mail        |    42 |    29 |       |       |       |       ||    71
       Chain mail        |       |    82 |    98 |   211 |   201 |       ||   592
       Plate armour      |       |       |       |       |    87 |    96 ||   183
Dodge: Dodged            |    43 |    66 |    51 |    68 |    34 |     7 ||   269
Block: Buckler           |    16 |    24 |    44 |    43 |       |       ||   127
       Kite shield       |       |       |       |   501 |  1382 |   313 ||  2196
       Reflection        |       |       |       |       |    28 |       ||    28
